 Dungeon Crawl Stone Soup version 0.28.0 (webtiles) character file.

Game seed: 15326055846718885375

49 browni3141 the Skirmisher (level 3, -5/36 HPs)
             Began as a Gargoyle Berserker on Feb 16, 2022.
             Was a Follower of Trog.
             Slain by a gnoll (7 damage)
             ... on level 2 of the Dungeon.
             The game lasted 00:00:29 (1207 turns).

browni3141 the Skirmisher (Gargoyle Berserker)      Turns: 1207, Time: 00:00:30

Health: -5/36      AC:  5    Str: 20    XL:     3   Next: 77%
Magic:  3/3        EV: 12    Int:  7    God:    Trog [*.....]
Gold:   11         SH:  0    Dex: 11    Spells: 2/2 levels left

rFire   . . .      SeeInvis .   a - +0 hand axe
rCold   . . .      Faith    .   (no shield)
rNeg    + . .      Spirit   .   b - +0 animal skin
rPois   ∞          Reflect  .   (no helmet)
rElec   +          Harm     .   (no cloak)
rCorr   .          Rampage  .   (no gloves)
Will    .....                   (no boots)
Stlth   ..........              (no amulet)
HPRegen 0.12/turn               (no ring)
MPRegen 0.08/turn               (no ring)

@: berserking, very quick
A: sickness immunity, AC +3, negative energy resistance 1, electricity
resistance, torment resistance 1, petrification resistance
a: Renounce Religion, Berserk


You were on level 2 of the Dungeon.
You worshipped Trog.
Trog was aware of your devotion.
You visited 1 branch of the dungeon, and saw 2 of its levels.

You collected 11 gold pieces.

Inventory:

Hand Weapons
 a - a +0 hand axe (weapon)
Armour
 b - a +0 animal skin (worn)
Scrolls
 d - 2 scrolls of fear {unknown}
 f - a scroll of fog {unknown}
Potions
 c - a potion of cancellation {unknown}
 e - 2 potions of ambrosia {unknown}
 g - 2 potions of curing {unknown}


   Skills:
 + Level 3.7 Fighting
 + Level 3.1 Axes
 + Level 2.7 Armour
 + Level 2.0 Dodging
 + Level 1.4 Stealth


You had 2 spell levels left.
You didn't know any spells.
Your spell library was empty.

Dungeon Overview and Level Annotations

Branches:
Dungeon (1/15)

Altars:


Innate Abilities, Weirdness & Mutations

You are immune to sickness and miasma.
Your stone body is resilient. (AC +3)
You are immune to poison.
You resist negative energy. (rN+)
You are resistant to electric shocks. (rElec)
You are resistant to unholy torment.
You are immune to petrification.


Message History

There are monsters nearby!
Found 6 gold pieces.
The gnoll shouts!
The gnoll barely misses you.
There are monsters nearby!
You closely miss the gnoll. The gnoll misses you.
There are monsters nearby!
You hit the gnoll but do no damage. The gnoll hits you with a +0 spear.
You barely miss the gnoll. You completely miss the gnoll. You hit the rat.
You kill the rat!
Trog accepts your kill. The gnoll barely misses you.
The gnoll hits you with a +0 whip!
You barely miss the gnoll. x2; The gnoll hits you with a +0 spear.
The gnoll closely misses you.
You barely miss the gnoll. You closely miss the gnoll.
The gnoll closely misses you. The gnoll hits you but does no damage.
The gnoll completely misses you.
A red film seems to cover your vision as you go berserk!
You feel yourself moving faster!
You feel mighty! The gnoll barely misses you.
The gnoll hits you with a +0 whip.
* * * LOW HITPOINT WARNING * * *
The gnoll closely misses you.
You hit the gnoll.
The gnoll is moderately wounded.
You slash the gnoll! x2; The gnoll barely misses you.
The gnoll hits you with a +0 whip.
* * * LOW HITPOINT WARNING * * *
You are too injured to fight recklessly!
You slash the gnoll!
You kill the gnoll!
Trog accepts your kill.
You barely miss the gnoll. You slash the gnoll!
You kill the gnoll!
Trog accepts your kill. The gnoll hits you with a +0 flail.
* * * LOW HITPOINT WARNING * * *
Your Dodging skill increases to level 2!
You are too injured to fight recklessly!
The gnoll hits you with a +0 flail!
You die...

..#.##........
..#.##........
.##..'........
.#####........ ###
.......#########.#
.).....'.........#
.÷.....#########.#
.......#
####.#####..
.......#
#..g@)......
########
#.##........ #
##....... ..?....
.>..... .......
....$.. #######


You could see a gnoll.

Vanquished Creatures
  2 gnolls (D:2)
  A worm (D:2)
  A ball python (D:1)
  2 endoplasms (D:1)
  A giant cockroach (D:1)
  2 goblins (D:1)
  2 hobgoblins
  3 quokkas
  3 bats
  A frilled lizard (D:1)
  6 kobolds
  2 rats
26 creatures vanquished.

Notes
Turn   | Place    | Note
-------+----------+-------------------------------------------
     0 | D:1      | browni3141 the Gargoyle Berserker began the quest for the
                  | Orb.
     0 | D:1      | Reached XP level 1. HP: 14/14 MP: 1/1
   170 | D:1      | Reached XP level 2. HP: 3/19 MP: 2/2
   646 | D:1      | Reached skill level 1 in Stealth
   840 | D:1      | You fall into a shaft and drop 1 floor!
   850 | D:2      | Reached XP level 3. HP: 23/23 MP: 3/3
  1207 | D:2      | Slain by a gnoll

Illustrated notes

Levels and vault maps discovered:
D:1:      matt_arrival_spirals, layout_basic,
          ebering_ecumenical_altar_abandoned, minmay_misc_feat_four_crosses
D:2:      layout_basic, serial_shops, shop, minivault_24

Skill      XL: |  1  2  3 |
---------------+----------+-----
Stealth        | 1 |  1.4
Axes           | 3 |  3.1
Dodging        | 2 |  2.0
Fighting       | |  3.7
Armour         | |  2.7

Action                   || total
-------------------------++-------
Melee: Hand axe          ||    94
       Punch             ||     1
Invok: Berserk           ||     2
Armor: Animal skin       ||    36
Dodge: Dodged            ||    68
